Map: [FFA] Jurassic puCK

Players

Борис

  • Race: Protoss Protoss
  • Spawn Location: 9:00

ANTRISOL

  • Race: Terran Terran
  • Spawn Location: 3:00

florial - Winner!

  • Race: Zerg Zerg
  • Spawn Location: 12:00

VOD

Have the link to the VOD?

Description

Time

  • Played on: April 14, 2024, 9:52 a.m.
  • Length: 35:27
Show
View Real Time Build Order
Export as new Build Order

Борис Protoss 

Build Orders: 1 Gate Expand 

Get SALT Encoding   

  12  0:06  Probe  
  13  0:18  Probe  
  14  0:30  Probe  
  14  0:32  Pylon  
  15  0:39  Assimilator  
  15  0:42  Assimilator  
  15  0:50  Probe  
  16  0:57  Gateway  
  16  1:02  Probe  
  17  1:14  Probe  
  18  1:31  Nexus  
  18  1:33  Probe  
  19  1:59  Probe  
  20  2:11  Cybernetics Core  
  20  2:12  Probe  
  21  2:17  Zealot  
  23  2:24  Pylon  
  23  2:42  Probe, Pylon  
  24  2:45  Probe  
  25  2:54  Probe  
  25  2:55  Cybernetics Core  
  25  2:57  Probe  
  27  3:02  Stalker  
  29  3:06  Probe  
  29  3:09  Probe  
  31  3:15  Stargate  
  31  3:18  Probe  
  32  3:21  Probe  
  33  3:30  Probe  
  33  3:31  Stargate  
  33  3:33  Probe  
  35  3:42  Probe  
  35  3:45  Probe  
  37  3:54  Probe  
  38  4:03  Probe  
  38  4:06  Probe  
  40  4:15  Probe  
  41  4:18  Gateway  
  41  4:21  Probe  
  42  4:27  Probe  
  43  4:33  Probe  
  43  4:35  Void Ray x2 (Chrono Boost)  
  52  4:43  Probe  
  52  4:45  Probe  
  54  4:53  Assimilator  
  54  4:55  Assimilator  
  54  5:06  Forge  
  54  5:09  Pylon  
  54  5:13  Pylon  
  54  5:16  Pylon  
  54  5:27  Probe x2  
  60  5:30  Void Ray (Chrono Boost)  
  60  5:34  Void Ray (Chrono Boost)  
  64  5:39  Probe x2  
  66  5:51  Probe  
  67  6:04  Photon Cannon  
  67  6:05  Stalker  
  77  6:15  Void Ray x2  
  77  6:58  Nexus  
  77  7:14  Pylon  
  77  7:17  Pylon  
  77  7:29  Photon Cannon  
  77  7:32  Photon Cannon  
  77  7:35  Photon Cannon  
  85  7:38  Void Ray x2  
  85  8:14  Probe x2  
  85  8:16  Probe  
  96  8:21  Void Ray x2  
  96  8:26  Probe  
  97  8:28  Probe  
  98  8:40  Probe  
  99  8:46  Stargate  
  99  8:48  Stargate  
  99  8:52  Probe  
  100  9:05  Probe  
  61  10:25  Nexus  
  40  10:52  Pylon  
  40  10:55  Pylon  
  40  10:58  Pylon  
  39  11:05  Pylon  
  39  11:37  Gateway  
  39  11:38  Probe  
  40  11:47  Nexus  
  40  11:50  Probe (Chrono Boost), Pylon  
  40  11:53  Pylon  
  41  12:00  Probe (Chrono Boost)  
  42  12:05  Probe (Chrono Boost)  
  35  12:37  Nexus  
  35  13:29  Nexus  
  23  15:07  Pylon  
  7  15:49  Gateway  
  7  16:03  Probe  
  6  16:54  Cybernetics Core  
  6  17:19  Probe  
  7  17:39  Nexus  
  7  18:03  Stargate  
  7  18:23  Protoss Air Weapons Level 1  
  7  18:51  Probe (Chrono Boost)  
  8  19:02  Probe (Chrono Boost)  
  9  19:07  Probe (Chrono Boost)  
  14  19:12  Void Ray  
  14  19:18  Probe (Chrono Boost)  
  15  19:29  Probe (Chrono Boost)  
  16  19:34  Probe (Chrono Boost)  
  17  19:44  Probe  
  18  19:49  Assimilator  
  22  19:52  Assimilator  
  22  19:55  Void Ray  
  22  19:56  Probe  
  23  20:06  Fleet Beacon  
  23  20:08  Probe  
  24  20:20  Probe  
  25  20:31  Protoss Air Armor Level 1  
  25  20:32  Probe  
  30  20:38  Void Ray  
  30  20:45  Probe  
  32  20:57  Probe  
  32  21:01  Flux Vanes  
  32  21:09  Probe  
  37  21:21  Void Ray, Probe  
  38  21:33  Probe  
  39  21:45  Probe  
  40  21:57  Probe  
  41  22:09  Probe  
  41  22:11  Nexus  
  42  22:21  Probe  
  31  22:43  Protoss Air Weapons Level 2  
  23  22:57  Void Ray  
  25  23:25  Probe  
  8  23:37  Probe  
  8  23:40  Probe  
  10  23:49  Probe  
  10  23:52  Probe  
  12  24:01  Probe  
  13  24:04  Probe  
  14  24:13  Probe  
  14  24:16  Probe  
  16  24:25  Probe  
  16  24:28  Probe  
  18  24:37  Probe  
  23  24:40  Void Ray, Probe  
  24  24:53  Probe  
  25  25:05  Probe  
  26  25:10  Protoss Air Armor Level 2 (Chrono Boost)  
  26  25:15  Probe  
  26  25:17  Probe  
  28  25:28  Probe  
  29  25:29  Probe  
  30  25:40  Probe  
  30  25:41  Probe  
  36  25:52  Probe  
  36  25:53  Void Ray, Probe  
  38  26:04  Probe  
  38  26:05  Probe  
  40  26:16  Probe  
  41  26:28  Probe  
  48  26:42  Probe  
  48  26:46  Assimilator  
  49  26:47  Mothership  
  49  26:51  Probe  
  50  26:55  Assimilator, Probe  
  50  26:59  Assimilator  
  51  27:04  Probe  
  51  27:07  Probe  
  53  27:18  Pylon  
  53  27:24  Pylon  
  53  27:36  Probe x2  
  55  27:48  Probe x2  
  57  28:00  Probe x2  
  63  28:08  Void Ray  
  65  28:12  Probe x2  
  65  28:39  Probe x2  
  67  28:51  Probe  
  67  28:52  Probe  
  69  28:55  Pylon  
  69  29:11  Pylon  
  69  29:13  Probe  
  74  29:22  Stargate  
  51  29:56  Protoss Air Weapons Level 3  
  29  30:29  Pylon  
  29  30:36  Nexus  
  29  30:45  Nexus  
  29  30:47  Void Ray  
  33  31:04  Pylon  
  33  31:06  Nexus  
  33  31:15  Nexus  
  33  31:16  Probe  
  34  31:21  Void Ray  
  34  31:23  Nexus  
  34  31:24  Void Ray  
  43  31:54  Nexus  
  43  31:59  Void Ray  
  47  32:03  Void Ray  
  21  32:58  Probe  
  22  33:00  Probe  
  22  33:05  Probe  
  24  33:06  Probe  
  24  33:10  Probe  
  26  33:13  Probe  
  26  33:17  Probe  
  19  33:59  Probe x3  
  10  34:11  Probe x2  
  11  34:51  Probe  
  11  34:52  Probe  
  13  35:04  Probe  
Show
View Real Time Build Order
Export as new Build Order

ANTRISOL Terran 

Build Orders:  

Get SALT Encoding   

  12  0:07  SCV  
  13  0:19  Supply Depot  
  13  0:20  SCV  
  14  0:32  SCV  
  15  0:41  Engineering Bay  
  15  0:46  Barracks  
  16  0:50  SCV  
  16  1:02  SCV  
  17  1:10  Supply Depot  
  17  1:11  Refinery  
  17  1:19  SCV  
  18  1:44  Command Center  
  18  1:46  SCV  
  19  1:49  Marine  
  20  2:00  Orbital Command  
  20  2:27  SCV  
  21  2:30  Terran Infantry Weapons Level 1  
  21  2:33  Barracks Tech Lab  
  21  2:42  Barracks  
  21  2:56  Marauder  
  21  2:57  Orbital Command  
  23  3:14  Supply Depot  
  23  3:21  Concussive Shells  
  23  3:25  Marauder  
  23  3:26  SCV  
  26  3:28  SCV  
  27  3:35  Refinery  
  27  3:39  SCV  
  27  3:40  SCV  
  29  3:46  Marauder  
  31  3:51  Factory, SCV  
  32  3:56  SCV  
  33  4:03  SCV  
  33  4:08  SCV  
  35  4:15  SCV  
  36  4:20  SCV  
  36  4:21  Supply Depot, Marauder  
  39  4:27  SCV  
  40  4:32  SCV  
  41  4:39  SCV  
  41  4:42  Missile Turret, Marauder  
  41  4:44  SCV, Supply Depot  
  45  4:59  Command Center  
  45  5:07  Supply Depot  
  45  5:15  Cyclone  
  45  5:17  Armory  
  47  5:26  Marine  
  47  5:27  Stimpack  
  48  5:30  Supply Depot  
  48  5:33  Refinery  
  48  5:46  Marauder  
  48  5:47  Cyclone  
  52  6:01  SCV  
  53  6:07  Marauder  
  55  6:12  Orbital Command  
  55  6:13  SCV  
  56  6:19  Cyclone  
  56  6:25  SCV  
  59  6:37  SCV  
  60  6:44  Terran Vehicle Weapons Level 1  
  60  6:46  Barracks  
  60  6:49  SCV  
  61  7:08  Starport  
  61  7:19  Marine x2  
  63  7:33  Barracks  
  63  7:37  Marine x2  
  63  7:41  Factory  
  64  7:46  Starport  
  64  7:52  Viking  
  64  7:55  Marine x2  
  58  8:13  Marine x2  
  56  8:20  Barracks  
  56  8:22  Viking  
  58  8:31  Marine x2  
  60  8:38  Starport Reactor  
  60  8:48  Marine x2  
  60  8:52  Refinery  
  62  9:06  Marine x2  
  64  9:11  Refinery  
  64  9:14  Marine x3  
  67  9:24  Marine x2  
  67  9:26  Supply Depot  
  69  9:32  Marine x2  
  71  9:47  Starport Reactor, Marine  
  71  9:48  Marine x2  
  71  9:49  Supply Depot, Marine  
  71  9:50  Marine  
  76  10:05  Marine x3  
  79  10:11  Viking, Command Center, Marine x2  
  79  10:13  Supply Depot  
  83  10:18  Viking  
  85  10:23  Marine x2  
  87  10:35  Terran Ship Weapons Level 1  
  87  10:36  Supply Depot  
  87  10:53  Marine x3  
  87  10:54  Marine x2  
  92  11:00  Liberator  
  95  11:11  Marine x3  
  96  11:12  Marine x2  
  96  11:16  Refinery  
  100  11:22  Missile Turret  
  100  11:29  Marine x3  
  100  11:30  Marine x2  
  100  11:31  Viking x2  
  109  11:38  Orbital Command  
  109  11:42  Missile Turret  
  109  11:46  Marine  
  109  11:47  Marine x3  
  110  11:49  Refinery  
  110  11:52  SCV  
  114  12:01  Viking x2  
  114  12:02  Medivac  
  114  12:03  Missile Turret  
  114  12:05  SCV  
  121  12:17  Medivac  
  123  12:25  Missile Turret  
  123  12:27  SCV  
  124  12:39  SCV  
  125  12:44  Marine x2  
  125  12:45  Marine x3  
  125  12:49  Medivac x2  
  134  13:45  Supply Depot  
  134  14:06  Marine x4  
  134  14:07  Viking x2  
  142  14:19  Supply Depot  
  142  14:31  Supply Depot  
  142  14:41  Medivac, Marine x5, SCV  
  142  14:43  Supply Depot, Medivac  
  149  14:49  Neosteel Armor  
  149  14:53  SCV, Medivac  
  149  14:55  SCV  
  149  14:58  Supply Depot  
  149  14:59  Marine x5  
  158  15:05  SCV  
  159  15:07  Supply Depot  
  159  15:13  Medivac  
  161  15:17  SCV  
  162  15:24  Liberator x2  
  162  15:26  Viking, Command Center  
  170  15:29  SCV  
  170  15:30  Supply Depot  
  170  15:34  Command Center  
  171  15:43  Medivac  
  171  15:48  Refinery  
  173  15:51  Refinery  
  173  15:56  Medivac  
  175  16:09  Barracks  
  175  16:29  Hi-Sec Auto Tracking  
  175  16:33  Engineering Bay  
  175  16:44  Fusion Core  
  175  16:45  Orbital Command  
  175  16:47  Refinery  
  175  16:52  Orbital Command  
  175  16:57  Barracks  
  175  17:13  Refinery  
  175  17:15  SCV  
  176  17:18  SCV  
  177  17:27  SCV  
  177  17:29  Terran Ship Weapons Level 2  
  178  17:34  Terran Infantry Weapons Level 2  
  178  17:45  Barracks  
  178  17:51  Barracks  
  171  18:33  Barracks  
  171  18:39  Barracks  
  136  18:54  Marine  
  136  18:55  Marine x2  
  139  18:58  Marine  
  139  18:59  Marine x2  
  142  19:04  Medivac x2  
  146  19:12  Marine x2  
  146  19:13  Marine  
  146  19:16  Marine x2  
  146  19:17  Marine  
  150  19:23  Factory  
  152  19:27  Barracks, Command Center  
  152  19:30  Marine x3  
  155  19:34  Marine x3  
  158  19:45  Terran Vehicle And Ship Armor Level 1  
  158  19:48  Marine x2  
  158  19:50  Terran Infantry Armor Level 1  
  142  20:29  Marine x3  
  142  20:30  Marine x5  
  145  20:40  Orbital Command  
  143  20:46  Marine  
  132  21:04  Marine  
  132  21:05  Marine x5  
  132  21:06  Marine x3  
  141  21:22  Marine x2  
  141  21:23  Marine x3  
  143  21:39  Terran Vehicle Weapons Level 2  
  136  22:33  SCV  
  136  22:35  SCV  
  138  22:45  SCV  
  138  22:46  Marine x3  
  138  22:47  Marine x4  
  138  22:48  Marine x2  
  148  22:52  Medivac x2  
  148  22:53  Medivac x2  
  156  22:58  Terran Infantry Weapons Level 3  
  156  23:04  Marine x3  
  156  23:05  Barracks, Marine x5  
  161  23:06  Marine  
  165  23:13  Missile Turret  
  165  23:22  Marine x3  
  165  23:23  Medivac, Marine x2  
  172  23:33  Missile Turret  
  172  23:41  Orbital Command  
  172  23:52  Barracks, Missile Turret  
  172  24:11  Missile Turret  
  164  25:35  Terran Infantry Armor Level 2  
  145  26:53  Marine x2  
  145  26:54  SCV, Marine x7  
  93  27:06  SCV  
  83  27:11  Marine x2  
  83  27:12  Marine x7  
  77  27:18  SCV  
  74  27:29  Marine x4  
  72  27:30  Marine x4  
  39  28:24  Command Center  
  39  28:43  Command Center  
  39  28:50  Medivac  
  39  28:51  Medivac  
  43  29:05  Command Center  
  15  29:20  Medivac  
  15  29:21  Medivac  
  11  31:06  SCV  
Show
View Real Time Build Order
Export as new Build Order

florial Zerg - Winner!

Build Orders: Hatch First 

Get SALT Encoding   

  12  0:05  Drone  
  13  0:09  Drone  
  14  0:16  Overlord  
  14  0:26  Extractor, Drone  
  15  0:30  Extractor  
  15  0:34  Drone  
  16  0:40  Drone  
  17  0:51  Drone  
  18  1:01  Hatchery  
  17  1:14  Spawning Pool  
  17  1:18  Drone  
  17  1:19  Drone  
  18  1:32  Extractor  
  17  1:33  Drone x2  
  19  1:51  Overlord  
  19  2:01  Zergling x2  
  19  2:02  Queen  
  22  2:09  Zergling x2  
  23  2:28  Overlord  
  23  2:31  Drone x3  
  23  2:32  Queen  
  28  2:37  Queen  
  30  2:47  Drone  
  30  2:48  Drone x3  
  34  2:57  Drone  
  35  3:00  Overlord  
  35  3:12  Queen  
  37  3:13  Drone  
  37  3:14  Drone x4  
  37  3:19  Queen  
  42  3:22  Overlord  
  44  3:31  Drone x3  
  47  3:41  Hatchery  
  47  3:47  Drone  
  47  3:48  Drone x2, Extractor  
  48  3:49  Extractor  
  48  3:51  Overlord  
  47  4:04  Drone x3  
  50  4:13  Drone x3  
  50  4:14  Overlord  
  53  4:24  Drone x3  
  53  4:25  Extractor, Drone  
  53  4:26  Overlord  
  53  4:27  Overlord x2  
  56  4:43  Drone x3  
  59  4:55  Zergling x2  
  60  5:12  Lair  
  60  5:14  Queen  
  60  5:15  Drone x5  
  60  5:18  Drone x3  
  60  5:19  Drone x2, Extractor  
  60  5:20  Drone  
  60  5:21  Extractor, Overlord  
  71  5:25  Drone x4  
  75  5:48  Metabolic Boost  
  75  5:50  Queen  
  75  5:56  Drone x3  
  80  6:00  Drone x4  
  80  6:02  Drone  
  80  6:03  Spore Crawler  
  84  6:05  Drone, Spore Crawler  
  84  6:08  Drone, Spore Crawler  
  84  6:11  Overlord x2  
  84  6:14  Overseer  
  83  6:30  Spore Crawler  
  81  6:45  Drone  
  81  6:47  Hydralisk Den  
  81  6:57  Lair  
  81  7:01  Hatchery  
  80  7:19  Grooved Spines  
  80  7:38  Hatchery  
  79  7:51  Hydralisk x10  
  99  8:03  Overlord x3  
  99  8:09  Muscular Augments  
  99  8:24  Hydralisk x4  
  99  8:25  Hydralisk x7  
  121  8:27  Hatchery  
  121  8:29  Overseer  
  120  8:36  Hydralisk x5  
  120  8:38  Overlord x2  
  120  8:39  Overlord  
  130  8:53  Spore Crawler  
  130  9:03  Hydralisk x4  
  130  9:04  Hydralisk x7  
  128  9:48  Spawning Pool  
  115  10:45  Hydralisk  
  115  10:46  Hydralisk x10  
  137  10:51  Queen  
  137  10:55  Queen  
  137  10:56  Drone x2  
  143  10:58  Overlord x4  
  143  11:02  Extractor  
  142  11:17  Drone x5  
  142  11:18  Drone x6  
  152  11:21  Overseer x4  
  152  11:23  Hatchery  
  152  11:26  Queen  
  152  11:31  Queen  
  156  11:35  Drone x2  
  158  11:40  Queen  
  158  11:41  Drone x4  
  158  11:42  Drone  
  158  11:44  Drone x4  
  158  11:45  Extractor x2  
  167  11:52  Drone x5  
  167  11:53  Evolution Chamber  
  170  11:55  Evolution Chamber  
  169  12:02  Hydralisk x3  
  173  12:16  Queen  
  175  12:37  Overlord x4  
  175  12:38  Overlord  
  175  12:55  Queen, Overlord  
  175  12:56  Overlord x2  
  177  13:05  Zerg Missile Weapons Level 1, Zerg Ground Armor Level 1  
  177  13:47  Infestation Pit  
  170  13:52  Spore Crawler  
  170  13:54  Hydralisk x3  
  170  13:55  Hydralisk x9, Overlord  
  191  14:02  Drone x2  
  193  14:03  Spire x2  
  193  14:04  Drone x5  
  196  14:13  Overseer  
  190  15:40  Drone x2  
  190  15:41  Drone  
  190  15:42  Drone x3, Overlord  
  196  15:43  Overlord  
  196  15:44  Mutalisk  
  196  15:45  Mutalisk  
  200  15:54  Extractor  
  199  17:04  Extractor, Hatchery  
  199  17:07  Extractor  
  197  17:08  Drone x3  
  197  17:10  Drone  
  200  17:15  Hive  
  196  18:05  Mutalisk x2  
  188  18:06  Mutalisk x6  
  150  18:48  Mutalisk  
  150  18:49  Mutalisk x18  
  188  19:02  Zerg Flyer Weapons Level 1  
  188  19:03  Zerg Missile Weapons Level 2, Zerg Ground Armor Level 2, Zerg Flyer Armor Level 1  
  188  20:35  Hydralisk x7  
  170  21:10  Drone  
  170  21:11  Drone x2  
  173  21:12  Drone x3  
  176  21:28  Zerg Missile Weapons Level 3, Zerg Ground Armor Level 3  
  176  21:29  Zerg Flyer Weapons Level 2, Zerg Flyer Armor Level 2  
  170  21:34  Hatchery  
  170  21:35  Extractor  
  170  21:36  Hydralisk x11  
  170  21:37  Hydralisk x5, Extractor  
  193  22:57  Hydralisk x2  
  193  22:58  Hydralisk  
  199  23:22  Drone  
  200  23:43  Extractor  
  200  23:45  Hatchery  
  200  23:47  Extractor  
  197  24:13  Hydralisk  
  199  24:43  Mutalisk  
  199  24:44  Mutalisk x2  
  199  24:54  Drone  
  196  25:01  Mutalisk x2  
  198  25:21  Lurker Den  
  183  25:58  Mutalisk x8  
  183  25:59  Mutalisk  
  193  26:27  Hydralisk  
  193  26:28  Hydralisk x4  
  193  26:30  Lurker x3  
  193  26:31  Lurker x5  
  193  26:32  Lurker x6  
  193  26:44  Drone x4  
  193  26:46  Extractor, Drone x2, Hatchery  
  197  26:48  Extractor  
  108  27:14  Hydralisk x13  
  108  27:15  Hydralisk x11  
  154  27:20  Mutalisk  
  154  27:21  Mutalisk x8  
  161  27:51  Lurker x2  
  161  27:52  Lurker x6  
  161  27:54  Hydralisk x10  
  161  27:58  Mutalisk x5  
  199  28:11  Drone  
  200  28:19  Greater Spire  
  200  28:20  Zerg Flyer Weapons Level 3  
  200  28:21  Zerg Melee Weapons Level 1  
  198  29:20  Hydralisk  
  192  29:43  Hydralisk  
  192  29:44  Hydralisk x3  
Tags
 
Add a new tag
Caveats
  • Supply blocks, unpowered buildings, or Contaminate may cause inaccurate times.
  • Supply counts are checked every 10 seconds.